 Dungeon Crawl Stone Soup version 0.21.1-1-g345015f (webtiles) character file.

175 Matador8 the Poker (level 5, 0/38 HPs)
             Began as a Merfolk Skald on Apr 17, 2018.
             Slain by a centaur zombie (6 damage)
             ... on level 3 of the Dungeon.
             The game lasted 00:18:03 (3148 turns).

Matador8 the Poker (Merfolk Skald)                  Turns: 3148, Time: 00:18:03

Health: 0/38       AC:  3    Str: 12    XL:     5   Next: 55%
Magic:  1/8        EV: 12    Int: 13    God:
Gold:   64         SH:  0    Dex: 13    Spells: 2/8 levels left

rFire    . . .     SeeInvis .   a - +0 spear
rCold    . . .     Gourm    .   (no shield)
rNeg     . . .     Faith    .   b - +0 leather armour
rPois    .         Spirit   .   (no helmet)
rElec    .         Reflect  .   (no cloak)
rCorr    .         Harm     .   (no gloves)
MR       .....                  (no boots)
Stlth    +.........             (no amulet)
HPRegen  0.12/turn              (no ring)
MPRegen  0.11/turn              (no ring)

@: very slightly contaminated
A: change form in water, swift swim, stealthy swim
a: no special abilities


You were on level 3 of the Dungeon.
You were not hungry.

You visited 1 branch of the dungeon, and saw 3 of its levels.

You collected 64 gold pieces.

Inventory:

Hand Weapons
 a - a +0 spear (weapon)
Armour
 b - a +0 leather armour (worn)
Scrolls
 e - 2 scrolls of teleportation {unknown}
 h - 2 scrolls of enchant weapon {unknown}
 i - 2 scrolls of fog {unknown}
 n - a scroll of identify {unknown}
 o - 2 scrolls of remove curse {unknown}
Potions
 f - 3 potions of curing {unknown}
 g - a potion of invisibility {unknown}
 j - a potion of heal wounds {unknown}
 k - a potion of might {unknown}
 l - a potion of berserk rage {unknown}
 m - a potion of resistance {unknown}
Books
 c - a book of Battle

   Spells                             Type                      Level
   a - Infusion                       Charms                       1
   b - Shroud of Golubria             Charms/Translocation         2
   c - Song of Slaying                Charms                       2
   d - Spectral Weapon                Hexes/Charms                 3
   e - Regeneration                   Charms/Necromancy            3
Comestibles
 d - 7 rations
 p - a chunk of flesh


   Skills:
 - Level 2.1 Fighting
 + Level 6.5 Polearms
 - Level 0.6 Armour
 - Level 2.6 Dodging
 - Level 2.2 Spellcasting
 + Level 4.7 Charms


You had 2 spell levels left.
You knew the following spells:

 Your Spells              Type           Power        Failure   Level  Hunger
a - Infusion              Chrm           ##..         4%          1    ##.....
b - Shroud of Golubria    Chrm/Tloc      #.........   19%         2    ###....
c - Spectral Weapon       Hex/Chrm       #.......     34%         3    ####...


Dungeon Overview and Level Annotations

Branches:
Dungeon (3/15)

Altars:


Message History

You hit the centaur zombie.
The centaur zombie is severely damaged.
The centaur zombie hits you but does no damage.
You hit the centaur zombie.
The centaur zombie is severely damaged.
The centaur zombie misses you.
You hit the centaur zombie but do no damage.
The centaur zombie is severely damaged.
The centaur zombie closely misses you.
You hit the centaur zombie.
The centaur zombie is almost destroyed.
The centaur zombie hits you.
* * * LOW HITPOINT WARNING * * *
You hit the centaur zombie.
The centaur zombie is almost destroyed.
The centaur zombie closely misses you.
You barely miss the centaur zombie.
The centaur zombie is almost destroyed.
The centaur zombie hits you.
You die...

#..≈≈≈≈l≈≈≈≈≈≈#
#..≈≈≈≈≈≈≈≈≈≈.#
##...≈.≈.)...≈.#
##.≈≈...≈)≈..≈≈.#
#.#...<..)#.#####
##...######.#
##.## #.# #.# #.#
#@# #[# #Z# .#
#b# ###.####.#
#####.......#
#.....†....##
#.###.#.###.#
#.#.# .. #.#.# ##


You could see a centaur zombie and a bat.

Vanquished Creatures
  Terence (D:2)
  A worker ant (D:2)
  3 adders
  5 worms (D:2)
  4 dart slugs
  A leopard gecko (D:1)
  An orc (D:3)
  2 ball pythons
  13 bats
  A giant cockroach (D:3)
  8 goblins
  4 hobgoblins
  7 jackals (D:1)
  7 frilled lizards
  9 kobolds
  11 rats
78 creatures vanquished.

Vanquished Creatures (others)
  A spectral weapon (D:3)
1 creature vanquished.

Grand Total: 79 creatures vanquished

Notes
Turn   | Place    | Note
-------+----------+-------------------------------------------
     0 | D:1      | Matador8 the Merfolk Skald began the quest for the Orb.
     0 | D:1      | Reached XP level 1. HP: 16/16 MP: 3/3
   138 | D:1      | Reached XP level 2. HP: 14/22 MP: 1/5
   287 | D:1      | Learned a level 2 spell: Shroud of Golubria
   575 | D:1      | Reached skill level 4 in Polearms
   650 | D:1      | Reached XP level 3. HP: 16/27 MP: 6/6
  1158 | D:1      | Reached skill level 5 in Polearms
  1441 | D:2      | Reached XP level 4. HP: 30/33 MP: 7/7
  1446 | D:2      | Learned a level 3 spell: Spectral Weapon
  2231 | D:2      | Noticed Terence
  2275 | D:2      | Killed Terence
  2275 | D:2      | Reached skill level 6 in Polearms
  2275 | D:2      | Reached XP level 5. HP: 8/38 MP: 1/8
  2919 | D:3      | Noticed an ogre
  3052 | D:3      | Found a faded altar of an unknown god.
  3148 | D:3      | Slain by a centaur zombie

Skill      XL: |  1  2  3  4 |
---------------+-------------+-----
Polearms       | 4 5 6 |  6.5
Charms         | 4 |  4.7
Fighting       | |  2.1
Armour         | |  0.6
Dodging        | |  2.6
Spellcasting   | |  2.2

Action                   |  1- 3 |  4- 6 || total
-------------------------+-------+-------++-------
Melee: Spear             |   132 |   219 ||   351
 Cast: Infusion          |     7 |    11 ||    18
       Shroud of Golubri |       |     3 ||     3
       Spectral Weapon   |       |     1 ||     1
  Use: Scroll            |     1 |       ||     1
 Stab: Sleeping          |     1 |       ||     1
  Eat: Chunk             |     2 |     6 ||     8
Armor: Leather armour    |    46 |    36 ||    82
Dodge: Dodged            |   103 |   113 ||   216
